 Dungeon Crawl Stone Soup version 0.16-a0-4099-g0be755f (console) character file.

1460 mauris the Fighter (level 8, 1/88 HPs)
             Began as an Ogre Arcane Marksman on Feb 25, 2015.
             Quit the game on level 6 of the Dungeon.
             The game lasted 00:23:35 (9703 turns).

mauris the Fighter (Ogre Arcane Marksman)           Turns: 9703, Time: 00:23:35

Health: 1/88       AC:  5    Str: 18    XL:     8   Next: 76%
Magic:  11/11      EV: 16    Int: 12    God:
Gold:   294        SH:  0    Dex: 15    Spells: 1 memorised, 8 levels left

rFire  . . .     SeeInvis .     a - +0 giant club
rCold  . . .     Clarity  .     p - +0 robe
rNeg   . . .     SustAb   .     (shield restricted)
rPois  .         Gourm    .     (helmet restricted)
rElec  .         Spirit   .     n - +1 cloak
rCorr  .         Warding  .     (gloves unavailable)
rMut   .         Stasis   .     (boots unavailable)
MR     +....                    (no amulet)
Stlth  ++........               (no ring)
                                l - ring of protection from magic

@: agile, lethally poisoned (1 -> 0), very slightly contaminated, hasted,
drained, very quick, somewhat resistant to hostile enchantments, unstealthy
A: unfitting armour, tough skin 1
a: no special abilities


You were on level 6 of the Dungeon.
You were not hungry.

You visited 1 branch of the dungeon, and saw 6 of its levels.

You collected 294 gold pieces.

Inventory:

Hand weapons
 a - a +0 giant club (weapon)
 b - a +0 hunting sling of flaming
 e - a cursed +0 short sword
 v - a +2 quarterstaff of chaos
 A - a +0 blowgun {@w1}
Missiles
 c - 2 throwing nets
 r - 7 large rocks (quivered)
 s - 217 stones
 F - 16 poisoned needles
Armour
 n - a +1 cloak (worn)
 p - a +0 robe (worn)
Jewellery
 l - a ring of protection from magic (left hand)
 D - a cursed ring of loudness {unknown}
Magical devices
 o - a wand of draining (4)
 C - a wand of confusion (18)
Scrolls
 k - a scroll of magic mapping
 m - a scroll of enchant weapon {unknown}
 q - a scroll of amnesia {unknown}
 u - 2 scrolls of teleportation {@r4}
 x - 2 scrolls of blinking {unknown}
 y - 2 scrolls of remove curse {unknown}
 E - a scroll of identify {@r1}
Potions
 w - a potion of mutation {!q}
Comestibles
 d - 3 fruits
 f - a meat ration
 g - 2 beef jerkies
 h - 5 bread rations
 i - 2 slices of pizza
 j - 6 chunks of flesh


   Skills:
 + Level 8.0(7.1) Fighting
 + Level 7.6(6.8) Maces & Flails
 - Level 5.0(4.2) Throwing
 + Level 4.5(3.7) Dodging
 - Level 1.2(0.5) Spellcasting
 - Level 2.1(1.4) Hexes


You had 8 spell levels left.
You knew the following spells:

 Your Spells              Type           Power        Failure   Level  Hunger
a - Corona                Hex            #......      17%         1    ##.....


Dungeon Overview and Level Annotations

Branches:
Dungeon (6/15)
 Temple: D:4-7

Altars:
Kikubaaqudgha
Makhleb
Nemelex Xobeh
Vehumet

Annotations:
D:1 exclusion: downstairs
D:2 Robin, Sigmund


Innate Abilities, Weirdness & Mutations

You are too large for most types of armour.
You have tough skin (AC +1).


Message History

You hit the centaur.
The centaur is lightly wounded.
You feel sick. The water moccasin bites you.
* * * LOW HITPOINT WARNING * * *
The centaur hits you.
* * * LOW HITPOINT WARNING * * *
Huge Dmg: -8%(-7hp) hp: 3%(2hp) Drink which item? (? for menu, Esc to quit)
It was a potion of restore abilities.
You feel refreshed.
The water moccasin bites you but does no damage.
The centaur hits you but does no damage.
Read which item? (? for menu, Esc to quit)
Okay, then.
You closely miss the water moccasin.
* * * LOW HITPOINT WARNING * * *
You feel sick.
The water moccasin completely misses you.
The centaur hits you but does no damage.
Huge Dmg: -1%(-1hp) hp: 2%(1hp) Are you sure you want to abandon this character and quit the game? (Confirm with "yes".)

#.# ........#.#.. #$#
####.#.#.#.. #.#
#...#.#.. #.#
########.#.. #.#
...........# #.#
########.###
#.############....
#.######.((...........###
#..>....@############.###
#......cS# ########....
.......l. ............
........## .......#.###
../...... ...........#
........ #####.#.#.#
....... ...#.#.# .......
##. #.#.# ... #. #.#.#


You could see a water moccasin, a centaur and a giant newt.

Vanquished Creatures
  Eustachio (D:4)
  A sky beast (D:5)
  2 phantoms
  An ogre (D:4)
  A centaur (D:5)
  A scorpion (D:5)
  4 wights
  A goliath beetle (D:6)
  A crimson imp (D:5)
  A giant frog zombie (D:6)
  A gnoll shaman (D:4)
  Crazy Yiuf (D:3)
  An iguana (D:4)
  2 hounds
  4 orc wizards
  2 worker ants (D:5)
  Jessica (D:3)
  A hound zombie (D:6)
  3 gnolls
  5 adders
  A giant mite (D:3)
  5 worms
  An ufetubus (D:4)
  An adder skeleton (D:5)
  3 giant geckos
  18 orcs
  16 giant cockroaches
  14 goblins
  17 hobgoblins
  An ooze (D:3)
  6 quokkas
  2 ball pythons
  12 bats
  7 giant newts
  12 kobolds
  A quokka skeleton (D:4)
  A quokka zombie (D:5)
  12 rats
165 creatures vanquished.

Notes
Turn   | Place    | Note
--------------------------------------------------------------
     0 | D:1      | mauris, the Ogre Arcane Marksman, began the quest for the Orb.
     0 | D:1      | Reached XP level 1. HP: 19/19 MP: 2/2
   244 | D:1      | Huge Dmg: 5 Dmg
   244 | D:1      | Reached XP level 2. HP: 21/28 MP: 3/3
   520 | D:1      | Huge Dmg: 7 Dmg
   521 | D:1      | Huge Dmg: 8 Dmg
   635 | D:1      | Huge Dmg: 11 Dmg
   851 | D:1      | Huge Dmg: 7 Dmg
  1025 | D:1      | Reached XP level 3. HP: 34/36 MP: 4/4
  1092 | D:1      | Reached skill level 1 in Maces & Flails
  1553 | D:2      | Huge Dmg: 10 Dmg
  2051 | D:2      | Reached skill level 3 in Fighting
  2169 | D:2      | Noticed Robin
  2185 | D:2      | Reached XP level 4. HP: 43/45 MP: 6/6
  2404 | D:2      | Noticed Sigmund
  2840 | D:2      | Huge Dmg: 8 Dmg
  3118 | D:3      | Huge Dmg: 7 Dmg
  3132 | D:3      | Reached XP level 5. HP: 31/54 MP: 7/7
  3143 | D:3      | Reached skill level 4 in Fighting
  3471 | D:3      | Noticed Jessica
  3490 | D:3      | Killed Jessica
  3898 | D:3      | Noticed Crazy Yiuf
  3909 | D:3      | Killed Crazy Yiuf
  3917 | D:3      | Huge Dmg: 23 Dmg
  4219 | D:4      | Huge Dmg: 10 Dmg
  4223 | D:4      | Reached XP level 6. HP: 28/63 MP: 8/8
  4427 | D:4      | Huge Dmg: 13 Dmg
  4433 | D:4      | Huge Dmg: 7 Dmg
  4435 | D:4      | Huge Dmg: 5 Dmg
  4437 | D:4      | Huge Dmg: 7 Dmg
  4441 | D:4      | Huge Dmg: 9 Dmg
  4671 | D:4      | Huge Dmg: 14 Dmg
  4673 | D:4      | Huge Dmg: 9 Dmg
  4929 | D:4      | Huge Dmg: 12 Dmg
  5183 | D:4      | Noticed Eustachio
  5183 | D:4      | uh oh
  5338 | D:4      | Noticed a phantom
  5370 | D:4      | Killed a phantom
  5370 | D:4      | Reached skill level 5 in Fighting
  5596 | D:4      | Huge Dmg: 17 Dmg
  5639 | D:4      | Huge Dmg: 24 Dmg
  5641 | D:4      | Huge Dmg: 18 Dmg
  5642 | D:4      | Reached skill level 5 in Maces & Flails
  5642 | D:4      | Reached XP level 7. HP: 44/72 MP: 9/9
  5830 | D:4      | Reached skill level 5 in Throwing
  5969 | D:4      | Killed Eustachio
  5969 | D:4      | Reached skill level 6 in Fighting
  6179 | D:4      | Huge Dmg: 14 Dmg
  6183 | D:4      | Huge Dmg: 12 Dmg
  6190 | D:4      | Huge Dmg: 4 Dmg
  6571 | D:5      | Entered Level 5 of the Dungeon
  7316 | D:5      | Found a burning altar of Makhleb.
  7474 | D:5      | Found a sparkling altar of Nemelex Xobeh.
  7479 | D:5      | Found a radiant altar of Vehumet.
  7495 | D:5      | Found an ancient bone altar of Kikubaaqudgha.
  7754 | D:5      | Huge Dmg: 16 Dmg
  7757 | D:5      | Huge Dmg: 8 Dmg
  7759 | D:5      | Huge Dmg: 13 Dmg
  8051 | D:5      | Reached XP level 8. HP: 71/84 MP: 11/11
  8287 | D:5      | Reached skill level 7 in Fighting
  8805 | D:6      | Huge Dmg: 16 Dmg
  8808 | D:6      | Huge Dmg: 7 Dmg
  8810 | D:6      | Huge Dmg: 10 Dmg
  8810 | D:6      | HP: 1/87 [something (5)]
  8811 | D:6      | Huge Dmg: 9 Dmg
  9536 | D:6      | Reached skill level 8 in Fighting
  9696 | D:6      | Huge Dmg: 15 Dmg
  9699 | D:6      | Huge Dmg: 6 Dmg
  9700 | D:6      | Huge Dmg: 7 Dmg
  9700 | D:6      | HP: 2/88 [centaur (5)]
  9701 | D:6      | Huge Dmg: 7 Dmg
  9703 | D:6      | Huge Dmg: 1 Dmg
  9703 | D:6      | Quit the game

Action                   |  1- 3 |  4- 6 |  7- 9 || total
-------------------------+-------+-------+-------++-------
Melee: Unarmed           |    50 |       |       ||    50
       Mace              |   138 |   268 |       ||   406
       Flail             |       |    67 |       ||    67
       Giant club        |       |       |   240 ||   240
 Fire: Hunting sling     |     1 |    22 |     4 ||    27
Throw: Large rock        |     6 |       |       ||     6
       Throwing net      |     1 |       |       ||     1
Evoke: Wand              |       |       |     1 ||     1
  Use: Scroll            |       |     3 |     4 ||     7
       Potion            |       |     6 |     5 ||    11
 Stab: Sleeping          |       |       |     1 ||     1
  Eat: Chunk             |     4 |    13 |     9 ||    26
       Meat ration       |       |       |     1 ||     1
       Fruit             |       |       |     1 ||     1

Vault maps used:
D:1:      dpeg_chamrin_arrival_tetris, hangedman_glass_teeth
D:2:      uniq_robin, uniq_sigmund
D:3:      uniq_crazy_yiuf_cottage, uniq_jessica
D:4:      first_bread, uniq_eustachio
D:5:      makhleb_blood_cavern_becter, minmay_overflow_temple_star_quad
